 Dungeon Sprint DCSS version 0.30-a0-702-gdf48620a09 (webtiles) character file.

Game seed: 11079577393609119857

0 rocky1 the Basher (level 4, -2/37 HPs)
             Began as a Minotaur Gladiator on Jan 22, 2023.
             Was an Initiate of Gozag.
             Slain by a gnoll bouda
             ... wielding a +0 whip
              (7 damage)
             ... in the Dungeon (Sprint VI: "Thunderdome").
             The game lasted 00:01:32 (142 turns).

rocky1 the Basher (Minotaur Gladiator)               Turns: 142, Time: 00:01:33

Health: -2/37      AC:  3    Str: 20    XL:     4   Next: 44%
Magic:  12/12      EV: 12    Int:  9    God:    Gozag
Gold:   56         SH:  5    Dex: 12    Spells: 3/3 levels left

rFire   . . .      SeeInvis .    a - +0 flail
rCold   . . .      Faith    .    (no shield)
rNeg    . . .      Spirit   .    b - +0 leather armour
rPois   .          Reflect  +    c - +0 hat
rElec   .          Harm     .    (no cloak)
rCorr   .          Rampage  .    (no gloves)
Will    .....      NoTele   +    (no boots)
Stlth   +                        r - amulet of Yqichueq {Reflect MP+9 Int+4 SH+5}
HPRegen 0.26/turn                (no ring)
MPRegen 0.13/turn                (no ring)

@: gold aura, slowed, very slow
A: horns 2, retaliatory headbutt
a: Renounce Religion, Potion Petition, Call Merchant, Bribe Branch


You were in the Dungeon.
You worshipped Gozag.
Gozag was noncommittal.
You visited 1 branch You collected 236 gold pieces.
You spent 180 gold pieces at shops.

Inventory:

Hand Weapons
 a - a +0 flail (weapon)
Missiles
 d - 3 throwing nets (quivered)
 e - a javelin
Armour
 b - a +0 leather armour (worn)
 c - a +0 hat (worn)
Jewellery
 p - the ring "Nosou" {Wiz Int+2}
   (You bought it in a shop in the Dungeon)

   [ring of wizardry]

   It improves your spell success rate.
   Int:       It affects your intelligence (+2).
 q - the amulet of the Commoners {Reflect +Blink rF- Will+++ Slay-4 SH+5}
   (You bought it in a shop in the Dungeon)

   [amulet of reflection]

   It reflects blocked missile attacks.
   Slay:      It affects your accuracy & damage with ranged weapons and melee
   (-4).
   rF:        It makes you vulnerable to fire.
   +Blink:    It lets you blink.
   SH:        It affects your SH (+5).
   Will:      It greatly increases your willpower.
 r - the amulet of Yqichueq (around neck) {Reflect MP+9 Int+4 SH+5}
   (You bought it in a shop in the Dungeon)

   [amulet of reflection]

   It reflects blocked missile attacks.
   Int:       It affects your intelligence (+4).
   MP:        It affects your magic capacity (+9).
   SH:        It affects your SH (+5).
 s - the ring of Music {*Slow Fly Dex+6 Slay+2}
   (You bought it in a shop in the Dungeon)

   [ring of flight]

   Dex:       It affects your dexterity (+6).
   Slay:      It affects your accuracy & damage with ranged weapons and melee
   (+2).
   Fly:       It grants you flight.
   *Slow:     It may slow you when you take damage.
Wands
 m - a wand of acid (5)
 n - a wand of iceblast (5)
Scrolls
 k - 4 scrolls of blinking
 o - 3 scrolls of fog
Potions
 f - a potion of curing
 g - 2 potions of heal wounds
 h - 4 potions of haste
 i - 2 potions of magic
 j - a potion of berserk rage
 l - a potion of resistance


   Skills:
 - Level 2.4 Fighting
 + Level 11.2 Maces & Flails
 - Level 2.0 Throwing
 - Level 3.2 Dodging


You had 3 spell levels left.
You didn't know any spells.
Your spell library was empty.

Dungeon Overview and Level Annotations

Branches:
Dungeon (1/1)

Altars:
Cheibriados
Fedhas
Gozag
Kikubaaqudgha
Makhleb
Qazlal
Ru
Sif Muna
Trog
Uskayaw
Vehumet
Wu Jian
Xom
Yredelemnul
Zin

Shops:
D *[??*?*:[((

Annotations:
D Jessica


Innate Abilities, Weirdness & Mutations

You have a pair of horns on your head.
You reflexively headbutt those who attack you in melee.


Message History

Pain shoots through your body!
* * * LOW HITPOINT WARNING * * *
The gnoll bouda closely misses you.
You are too injured to fight recklessly!
You barely miss the gnoll bouda.
You headbutt the gnoll bouda, but do no damage.
The gnoll bouda is moderately wounded. 50...
The gnoll bouda hits you with a +0 whip!
* * * LOW HITPOINT WARNING * * *
You closely miss the gnoll bouda.
You headbutt the gnoll bouda, but do no damage.
The gnoll bouda is moderately wounded.
Your attacks no longer feel as feeble.
The hobgoblin closely misses you. The gnoll bouda closely misses you.
Unknown command.
You feel much better.
Jessica points at you and mumbles some strange words.
Pain shoots through your body! The hobgoblin barely misses you.
The gnoll bouda hits you with a +0 whip!
* * * LOW HITPOINT WARNING * * *
Unknown command.
You feel much better. Jessica casts a spell at you.
You feel yourself slow down. The hobgoblin closely misses you.
You furiously retaliate!
You headbutt the hobgoblin.
The gnoll bouda hits you with a +0 whip!
You closely miss the gnoll bouda. Your headbutt misses the gnoll bouda.
The gnoll bouda is moderately wounded.
The hobgoblin barely misses you.
The gnoll bouda hits you with a +0 whip!
You closely miss the gnoll bouda. You headbutt the gnoll bouda.
The gnoll bouda is heavily wounded.
Jessica hits you with a +0 dagger. The hobgoblin closely misses you.
The gnoll bouda hits you with a +0 whip!
* * * LOW HITPOINT WARNING * * *
The gnoll bouda attacks as you move away!
The gnoll bouda hits you with a +0 whip!
You die...
Your body crumbles into a pile of gold.

###.........###
#⌠...........⌠#
######.8.........8.##
##.___......###......_
###∩........8.# #.8.....
##.............###.......
#⌠..........###...###....
#⌠......@...# #.<.# ....
#⌠.....g@..$###...# ...
##.....g.......###.......
###∩........8.# .8.....
##∩__.......###......
######.8.........8.#
#⌠...........⌠#
###.........###
#_......._# #_........#


You could see a gnoll bouda, Jessica and a hobgoblin.

Vanquished Creatures
  A black bear (D)
  An adder (D)
2 creatures vanquished.

Notes
Turn   | Place    | Note
-------+----------+-------------------------------------------
     0 | D        | rocky1 the Minotaur Gladiator began the quest for the Orb.
     0 | D        | Reached XP level 1. HP: 18/18 MP: 0/0
     0 | D        | Found a basalt altar of Yredelemnul.
     3 | D        | Found a hide-covered altar of Uskayaw.
     4 | D        | Found an ancient bone altar of Kikubaaqudgha.
     5 | D        | Found a burning altar of Makhleb.
     5 | D        | Found a stormy altar of Qazlal.
     5 | D        | Round 1.
     6 | D        | Found a shimmering blue altar of Sif Muna.
     6 | D        | Found Fiqof's Staff Store.
     6 | D        | Found Visken's Magic Scroll Shop.
     7 | D        | Found Wuedwaif's Must-Have Magic.
     7 | D        | Found Unev's Magic Scroll Shop.
    10 | D        | Found a snail-covered altar of Cheibriados.
    11 | D        | Found a shimmering altar of Xom.
    12 | D        | Found a sacrificial altar of Ru.
    14 | D        | Found Nock's Jewellery.
    14 | D        | Found Nimyveg's Advanced Armour.
    14 | D        | Found an opulent altar of Gozag.
    14 | D        | Found a glowing silver altar of Zin.
    14 | D        | Found Tohoenugi's Identification Station.
    23 | D        | Became a worshipper of Gozag Ym Sagoz the Greedy
    26 | D        | Found a blossoming altar of Fedhas.
    36 | D        | Bought a pitted lead ring for 45 gold pieces
    36 | D        | Identified the ring "Nosou" {Wiz Int+2} (You bought it in a
                  | shop in the Dungeon)
    36 | D        | Bought a translucent garnet amulet for 45 gold pieces
    36 | D        | Identified the amulet of the Commoners {Reflect +Blink rF-
                  | Will+++ Slay-4 SH+5} (You bought it in a shop in the
                  | Dungeon)
    36 | D        | Bought a scorched sapphire amulet for 45 gold pieces
    36 | D        | Identified the amulet of Yqichueq {Reflect MP+9 Int+4 SH+5}
                  | (You bought it in a shop in the Dungeon)
    36 | D        | Bought a scintillating marble ring for 45 gold pieces
    36 | D        | Identified the ring of Music {*Slow Fly Dex+6 Slay+2} (You
                  | bought it in a shop in the Dungeon)
    50 | D        | Noticed a black bear
    53 | D        | Found a radiant altar of Vehumet.
    53 | D        | Found Qead's Premium Goods.
    54 | D        | Found Jasih's Miscellaneous Merchandise.
    54 | D        | Found Taavuzud's Basic Armour.
    58 | D        | Killed a black bear
    59 | D        | Reached skill level 10 in Maces & Flails
    59 | D        | Reached XP level 2. HP: 25/25 MP: 1/1
    59 | D        | Reached XP level 3. HP: 30/30 MP: 2/2
    59 | D        | Reached XP level 4. HP: 37/37 MP: 2/3
    60 | D        | Found an ornate altar of the Wu Jian Council.
    60 | D        | Found a bloodstained altar of Trog.
    60 | D        | Found Agophim's Weapon Rack.
   129 | D        | Reached skill level 11 in Maces & Flails
   130 | D        | Noticed Jessica
   136 | D        | HP: 1/37 [gnoll bouda/+0 whip (10)]
   142 | D        | Slain by a gnoll bouda

Illustrated notes

Levels and vault maps discovered:
D:        arena_sprint

Skill      XL: |  1  2  3  4 |
---------------+-------------+-----
Maces & Flails | 10 11 | 11.2
Fighting       | |  2.4
Throwing       | |  2.0
Dodging        | |  3.2

Action                   |  1- 3 |  4- 6 || total
-------------------------+-------+-------++-------
Melee: Flail             |     4 |    13 ||    17
       Headbutt          |       |     4 ||     4
  Use: Potion            |       |     2 ||     2
Dodge: Dodged            |     5 |    11 ||    16
Block: Other             |     1 |     2 ||     3

Table legend: (Time is in decaauts)
 A = Elapsed time spent in this place.
 B = Non-inter-level travel time spent in this place.
 C = Inter-level travel time spent in this place.
 D = Time resting spent in this place.
 E = Time spent auto-exploring this place.
 F = Levels seen in this place.
 G = Mean time per level.
                   A        B        C        D        E       F      G
               +--------+--------+--------+--------+--------+-----+--------+
         Total |    141 |    141 |      0 |     55 |      1 |   1 |  141.0 |
       Dungeon |    141 |    141 |      0 |     55 |      1 |   1 |  141.0 |
               +--------+--------+--------+--------+--------+-----+--------+

Top non-repeatable levels by time:
       D: 141 daAuts
